 Dungeon Crawl Stone Soup version 0.29.0-4-gdea44cf6ec (webtiles) character file.

Game seed: 12922725862483786753

517 qw the Chopper (level 7, -3/41 HPs)
             Began as a Tengu Warper on Aug 28, 2022.
             Was an Initiate of Okawaru.
             Slain by an orc priest
             ... wielding a +0 falchion
              (4 damage)
             ... on level 6 of the Dungeon.
             The game lasted 00:00:20 (4281 turns).

qw the Chopper (Tengu Warper)                       Turns: 4281, Time: 00:00:21

Health: -3/41      AC:  3    Str: 13    XL:     7   Next: 20%
Magic:  11/11      EV: 15    Int: 13    God:    Okawaru [......]
Gold:   221        SH:  0    Dex: 14    Spells: 10/10 levels left

rFire   . . .      SeeInvis .   Y - +4 hand axe
rCold   . . .      Faith    .   (no shield)
rNeg    . . .      Spirit   .   b - +0 leather armour
rPois   .          Reflect  .   (helmet restricted)
rElec   .          Harm     .   (no cloak)
rCorr   .          Rampage  .   (no gloves)
Will    .....                   (boots unavailable)
Stlth   +.........              (no amulet)
HPRegen 0.13/turn               (no ring)
MPRegen 0.12/turn               (no ring)

@: flying quickly and evasively, quick
A: beak, talons 3, nimble flight
a: Renounce Religion


You were on level 6 of the Dungeon.
You worshipped Okawaru.
Okawaru was noncommittal.
You visited 1 branch of the dungeon, and saw 4 of its levels.

You collected 221 gold pieces.


Innate Abilities, Weirdness & Mutations

You have a beak for a mouth.
You have claws for feet.
Your magical nature lets you fly swiftly and evasively.


   Skills:
 - Level 3.1 Fighting
 + Level 7.1 Axes
 - Level 1.3 Throwing
 - Level 1.1 Armour
 - Level 3.7 Dodging
 - Level 2.0 Spellcasting
 - Level 2.4 Translocations


You had 10 spell levels left.
You didn't know any spells.
Your spell library contained the following spells:

 Spells                   Type           Power      Damage    Failure   Level
 Blink                    Tloc           14%        N/A       19%         2
 Gell's Gravitas          Tloc           7%         N/A       36%         3
 Lesser Beckoning         Tloc           7%         N/A       36%         3
 Teleport Other           Tloc           7%         N/A       36%         3
 Manifold Assault         Tloc           7%         N/A       98%         5

Inventory:

Hand Weapons
 g - a +0 flail
 Y - a +4 hand axe (weapon)
Armour
 b - a +0 leather armour (worn)
Scrolls
 a - a scroll of fear {unknown}
 d - 2 scrolls of identify
Potions
 c - 2 potions of curing
 e - a potion of flight {unknown}
 f - a potion of cancellation {unknown}
 h - a potion of resistance {unknown}
 i - a potion of heal wounds {unknown}
 j - a potion of haste {unknown}
 l - a potion of degeneration {unknown}

Dungeon Overview and Level Annotations

Branches:
Dungeon (6/15)
 Temple: D:4-7

Altars:
Okawaru


Message History

Okawaru accepts your kill.
You feel sick.
You start resting.
You feel sick. x2
An orc priest comes into view. It is wielding a +0 hand axe.
4273 ||| Stepping ~*~*~tactically~*~*~ (stealth).
You feel sick.
You start resting.
You feel sick.
An orc priest comes into view. It is wielding a +0 falchion.
4275 ||| Stepping ~*~*~tactically~*~*~ (stealth).
You feel sick.
You start resting.
You feel sick.
An orc priest is nearby!
You feel sick.
You are no longer poisoned.
The orc priest shouts!
The orc priest calls down the wrath of Beogh upon you.
Beogh smites you!
You hear a shout!
You closely miss the orc priest. You claw the orc priest.
The orc priest is moderately wounded.
You hit the orc priest but do no damage.
The orc priest is moderately wounded.
An orc comes into view. It is wielding a +0 hand axe.
The orc priest mumbles some strange prayers to Beogh against you.
Beogh smites you!
You barely miss the orc priest.
You claw the orc priest, but do no damage.
You punch the orc priest, but do no damage.
The orc priest is moderately wounded.
You hit the orc priest. The orc priest misses you.
The orc priest hits you with a +0 falchion.
You closely miss the orc priest.
The orc priest is moderately wounded.
You barely miss the orc priest.
The orc priest hits you with a +0 falchion.
You die...

#.....#.#
#.# ##..#
#.......#
#.# ##+#
####.####
#.# #.#
#.# #.#
#.# #.#
#.# #
#@##.#####
..
#ooo.....#
.#
####.###..
#


You could see 2 orc priests and an orc.

Vanquished Creatures
  Sigmund (D:2)
  A centaur (D:6)
  A jelly (D:6)
  An orc priest (D:3)
  2 orc wizards
  3 gnolls (D:2)
  5 adders
  A white imp (D:6)
  A worm (D:3)
  3 dart slugs
  8 orcs
  5 ball pythons
  3 endoplasms
  2 giant cockroaches
  10 goblins
  7 hobgoblins
  7 kobolds
  A quokka (D:1)
  7 bats
  2 frilled lizards
  7 rats
78 creatures vanquished.

Notes
Turn   | Place    | Note
-------+----------+-------------------------------------------
     0 | D:1      | qw the Tengu Warper began the quest for the Orb.
     0 | D:1      | Reached XP level 1. HP: 12/12 MP: 4/4
     0 | D:1      | 0 ||| qw: Version: 0.1-a-89-g26bdef1
     0 | D:1      | 0 ||| qw: Game counter: 1431
     0 | D:1      | 0 ||| qw: Always use a shield: true
     0 | D:1      | 0 ||| qw: God list: Okawaru
     0 | D:1      | 0 ||| qw: Allow faded altars: false
     0 | D:1      | 0 ||| qw: Do Orc after D:15 true
     0 | D:1      | 0 ||| qw: Do second Lair branch before Depths: true
     0 | D:1      | 0 ||| qw: Lair rune preference: random
     0 | D:1      | 0 ||| qw: Plans: Normal
     0 | D:1      | 0 ||| PLANNING D:1-11
    69 | D:1      | 69 ||| Stepping ~*~*~tactically~*~*~ (stealth).
    70 | D:1      | 70 ||| Stepping ~*~*~tactically~*~*~ (stealth).
    74 | D:1      | 74 ||| Stepping ~*~*~tactically~*~*~ (stealth).
    85 | D:1      | Reached XP level 2. HP: 6/17 MP: 6/6
   328 | D:1      | Reached skill level 3 in Axes
   862 | D:1      | Reached XP level 3. HP: 17/21 MP: 7/7
  1137 | D:1      | Reached skill level 4 in Axes
  1229 | D:1      | 1229 ||| READING scroll labelled PERONO NEEDUIR.
  1230 | D:1      | 1230 ||| READING scroll labelled ASESHR WIED.
  1231 | D:1      | 1231 ||| READING 2 scrolls labelled BEWKIN BEMUZOE.
  1232 | D:1      | 1232 ||| READING scroll labelled COS JUXKUMEAVY.
  1233 | D:1      | 1233 ||| READING scroll labelled CACVUNW CITO.
  1238 | D:1      | 1238 ||| READING scroll labelled SYHIDU SYCLEASCH.
  1239 | D:1      | 1239 ||| DROPPING scroll of blinking.
  1240 | D:1      | 1240 ||| DROPPING scroll of amnesia.
  1322 | D:2      | 1322 ||| READING 3 scrolls of enchant weapon.
  1322 | D:2      | 1322 ||| ENCHANTING +1 hand axe.
  1323 | D:2      | 1323 ||| READING 2 scrolls of enchant weapon.
  1323 | D:2      | 1323 ||| ENCHANTING +2 hand axe.
  1324 | D:2      | 1324 ||| READING scroll of enchant weapon.
  1324 | D:2      | 1324 ||| ENCHANTING +3 hand axe.
  1364 | D:2      | 1364 ||| DROPPING +0 club.
  1372 | D:2      | 1372 ||| Stepping ~*~*~tactically~*~*~ (stealth).
  1381 | D:2      | Reached XP level 4. HP: 15/26 MP: 8/8
  1383 | D:2      | HP: 6/26 [gnoll/+0 club (2)]
  1386 | D:2      | Reached skill level 5 in Axes
  1428 | D:2      | 1428 ||| Stepping ~*~*~tactically~*~*~ (stealth).
  1643 | D:2      | 1643 ||| DROPPING +0 whip.
  1701 | D:2      | Noticed Sigmund
  1710 | D:2      | Killed Sigmund
  1711 | D:2      | Reached skill level 6 in Axes
  1711 | D:2      | Gained mutation: Your magical nature lets you fly swiftly
                  | and evasively. [Tengu growth]
  1711 | D:2      | Reached XP level 5. HP: 28/30 MP: 9/9
  1711 | D:2      | Reached XP level 6. HP: 33/35 MP: 10/10
  1746 | D:2      | 1746 ||| Stepping ~*~*~tactically~*~*~ (stealth).
  1747 | D:2      | 1747 ||| Stepping ~*~*~tactically~*~*~ (stealth).
  1749 | D:2      | 1749 ||| Stepping ~*~*~tactically~*~*~ (hiding).
  2052 | D:2      | 2052 ||| DROPPING +2 whip of freezing.
  2184 | D:2      | Reached skill level 7 in Axes
  2531 | D:2      | 2531 ||| READING scroll labelled XUMAUKHL YKUNIMN.
  2532 | D:2      | 2532 ||| DRINKING 2 red potions.
  2644 | D:3      | 2644 ||| Stepping ~*~*~tactically~*~*~ (stealth).
  2692 | D:3      | HP: 4/36 [orc priest/divine providence (8)]
  2694 | D:3      | Reached skill level 3 in Fighting
  2714 | D:3      | 2714 ||| FLEEEEING.
  2719 | D:3      | 2719 ||| STAIRDANCE
  2966 | D:2      | 2966 ||| READING 3 scrolls labelled ICOHIF GEPSOTT.
  2967 | D:2      | 2967 ||| DROPPING 2 scrolls of immolation.
  3005 | D:3      | Found an iron altar of Okawaru.
  3014 | D:3      | Became a worshipper of Warmaster Okawaru
  3157 | D:3      | 3157 ||| Stepping ~*~*~tactically~*~*~ (stealth).
  3159 | D:3      | 3159 ||| Stepping ~*~*~tactically~*~*~ (stealth).
  3161 | D:3      | 3161 ||| Stepping ~*~*~tactically~*~*~ (stealth).
  3310 | D:3      | You are sucked into a shaft and drop 3 floors!
  3659 | D:6      | 3659 ||| Stepping ~*~*~tactically~*~*~ (hiding).
  3767 | D:6      | HP: 8/37 [centaur (2)]
  3770 | D:6      | Reached skill level 3 in Dodging
  3770 | D:6      | Reached XP level 7. HP: 7/41 MP: 11/11
  4041 | D:6      | 4041 ||| Stepping ~*~*~tactically~*~*~ (hiding).
  4259 | D:6      | 4259 ||| DRINKING 3 potions of curing.
  4259 | D:6      | 4259 ||| (to cure confusion)
  4273 | D:6      | 4273 ||| Stepping ~*~*~tactically~*~*~ (stealth).
  4275 | D:6      | 4275 ||| Stepping ~*~*~tactically~*~*~ (stealth).
  4279 | D:6      | HP: 7/41 [orc priest/divine providence (11)]
  4280 | D:6      | HP: 1/41 [orc priest/+0 falchion (6)]
  4281 | D:6      | Slain by an orc priest

Levels and vault maps discovered:
D:1:      minmay_arrival_three_doors, layout_basic
D:2:      layout_loops_ring, chequers_serial_rivers_large_a, uniq_sigmund
D:3:      layout_basic, old_standard_altar, lemuel_blue_sif_altar,
          nicolae_elevator_lobby_plus
D:6:      layout_loops_corners, kennysheep_mini_moat,
          minmay_manual_mandibuliform, uniq_crazy_yiuf_cottage

Skill      XL: |  1  2  3  4  5  6 |
---------------+-------------------+-----
Axes           | 3 4 6 7 |  7.1
Fighting       | 3 |  3.1
Dodging        | 3 |  3.7
Throwing       | |  1.3
Armour         | |  1.1
Spellcasting   | |  2.0
Translocations | |  2.4

Action                   |  1- 3 |  4- 6 |  7- 9 || total
-------------------------+-------+-------+-------++-------
Melee: Hand axe          |    72 |    82 |    13 ||   167
       Kick              |    18 |    25 |     4 ||    47
       Peck              |    11 |    18 |     1 ||    30
       Punch             |     1 |       |     1 ||     2
Throw: Boomerang         |     7 |       |       ||     7
       Javelin           |       |    17 |       ||    17
  Use: Scroll            |     9 |     2 |       ||    11
       Potion            |       |     1 |     1 ||     2
 Stab: Sleeping          |     1 |       |       ||     1
Armor: Leather armour    |    13 |    11 |     2 ||    26
Dodge: Dodged            |    34 |    45 |     8 ||    87

Table legend:
 A = Non-vault XP
 B = Vault XP
 C = Vault XP percentage of total XP
 D = Non-vault monster count
 E = Vault monster count
 F = Vault count percentage of total count
                 A         B        C        D         E       F
            +---------+---------+-------+---------+---------+-------
      Total |     508 |     231 |  31.3 |      77 |       1 |   1.3
            +---------+---------+-------+---------+---------+-------
        D:1 |      48 |       0 |   0.0 |      28 |       0 |   0.0
        D:2 |     133 |     231 |  63.5 |      26 |       1 |   3.7
        D:3 |     123 |       0 |   0.0 |      17 |       0 |   0.0
        D:6 |     204 |       0 |   0.0 |       6 |       0 |   0.0
            +---------+---------+-------+---------+---------+-------
